Map: Ulrena

Players

SortOf

  • Race: Zerg Zerg
  • League: Platinum

ShoWTimE - Winner!

  • Race: Protoss Protoss
  • League: Grandmaster

Event: DreamHack Open Tours WCS Spring Championship

VOD

Have the link to the VOD?

Description

Time

  • Played on: May 14, 2016, 11:31 a.m.
  • Length: 10:46

All games in this series

Show
View Real Time Build Order
Export as new Build Order

SortOf Zerg 

Build Orders: Hatch First 

Get SALT Encoding   

  12  0:00  Drone  
  13  0:12  Overlord  
  13  0:18  Drone  
  14  0:31  Drone x2  
  16  0:50  Hatchery  
  16  0:53  Drone  
  16  0:56  Drone  
  17  1:00  Drone  
  18  1:07  Extractor  
  17  1:16  Spawning Pool  
  16  1:19  Drone  
  16  1:22  Drone  
  18  1:30  Drone  
  19  1:39  Drone  
  20  1:51  Drone  
  21  2:00  Overlord  
  21  2:02  Queen  
  21  2:03  Zergling x2  
  21  2:07  Metabolic Boost  
  24  2:11  Drone  
  24  2:13  Drone  
  26  2:25  Zergling x4  
  28  2:31  Hatchery  
  28  2:34  Drone  
  28  2:36  Drone  
  29  2:42  Queen  
  31  2:48  Drone  
  31  2:50  Overlord  
  32  2:55  Drone  
  33  3:00  Drone  
  33  3:04  Pneumatized Carapace  
  34  3:05  Drone  
  34  3:08  Drone  
  36  3:15  Drone x4  
  40  3:21  Queen  
  40  3:24  Zergling x2  
  43  3:38  Overlord  
  43  3:39  Drone  
  44  3:43  Drone x4  
  44  3:44  Baneling Nest  
  44  3:47  Evolution Chamber  
  44  3:48  Queen  
  46  3:54  Overlord  
  48  4:01  Queen  
  50  4:05  Zergling x8  
  50  4:09  Drone x2  
  56  4:14  Zerg Melee Weapons Level 1  
  56  4:17  Spore Crawler  
  56  4:18  Zergling x4  
  56  4:19  Zergling x2  
  56  4:22  Zergling x4  
  60  4:27  Baneling x2  
  60  4:29  Baneling  
  60  4:30  Drone x3  
  60  4:31  Drone  
  64  4:33  Extractor  
  63  4:39  Zergling x2  
  63  4:40  Zergling x4  
  63  4:43  Overlord  
  66  4:49  Baneling x2  
  66  4:53  Overlord  
  66  4:58  Overlord  
  65  5:00  Overlord, Queen x2  
  65  5:02  Zergling x4  
  65  5:03  Zergling x2  
  72  5:11  Queen  
  72  5:13  Zergling x8  
  78  5:20  Zergling x2  
  78  5:21  Zergling x6  
  82  5:36  Queen  
  82  5:37  Overlord  
  84  5:46  Overlord x2  
  84  5:52  Overlord x3  
  84  5:54  Queen, Baneling  
  84  5:55  Baneling x7  
  86  5:58  Overlord  
  86  6:03  Baneling  
  86  6:04  Baneling x2  
  86  6:05  Overlord  
  86  6:07  Zergling x6  
  87  6:22  Zergling x2  
  87  6:23  Zergling x16  
  79  6:42  Zergling x4  
  79  6:43  Zergling x20  
  74  6:48  Queen  
  74  6:49  Drone  
  69  6:55  Baneling  
  69  6:56  Baneling x7  
  69  6:59  Spore Crawler  
  69  7:00  Drone  
  67  7:10  Queen  
  67  7:14  Spore Crawler, Drone x3  
  67  7:17  Spore Crawler  
  67  7:18  Drone  
  67  7:21  Drone  
  67  7:26  Drone x3  
  70  7:30  Queen  
  70  7:34  Baneling x4  
  72  7:39  Spore Crawler  
  72  7:41  Spore Crawler  
  72  7:42  Drone x2  
  72  7:44  Drone  
  70  7:49  Queen  
  69  7:52  Drone  
  69  7:57  Drone  
  69  7:58  Drone x2  
  73  8:02  Drone x2  
  72  8:06  Queen  
  72  8:10  Overlord  
  74  8:14  Overlord  
  74  8:19  Overlord  
  72  8:28  Queen  
  72  8:31  Queen  
  72  8:33  Overlord  
  71  8:37  Drone x3  
  69  8:42  Queen  
  69  8:47  Overlord  
  70  8:48  Zergling x4  
  70  8:49  Zergling x2  
  70  8:53  Zergling x4  
  72  8:59  Zergling x6  
  75  9:09  Queen  
  75  9:10  Queen  
  75  9:12  Zergling x2  
  75  9:16  Zergling x6  
  83  9:23  Zergling x8  
  87  9:28  Queen  
  89  9:34  Zergling x2  
  89  9:35  Zergling x8  
  94  9:42  Overlord  
  94  9:48  Zergling x6  
  96  9:57  Zergling x2  
  96  9:58  Zergling x12  
  97  10:01  Overlord  
  97  10:02  Zergling x2  
  97  10:03  Zergling x4  
  97  10:05  Baneling x4  
  100  10:14  Baneling x9  
  100  10:15  Zergling x2  
  101  10:25  Zergling x10  
  101  10:27  Zergling x2  
Show
View Real Time Build Order
Export as new Build Order

ShoWTimE Protoss - Winner!

Build Orders: 1 Gate Expand 

Get SALT Encoding   

  12  0:00  Probe (Chrono Boost)  
  13  0:11  Probe (Chrono Boost)  
  14  0:17  Pylon  
  14  0:22  Probe (Chrono Boost)  
  15  0:36  Probe (Chrono Boost)  
  15  0:38  Gateway  
  16  0:44  Assimilator  
  16  0:46  Probe (Chrono Boost)  
  18  0:57  Probe (Chrono Boost)  
  18  1:07  Probe (Chrono Boost)  
  19  1:18  Probe (Chrono Boost)  
  20  1:26  Nexus  
  20  1:34  Cybernetics Core  
  20  1:37  Probe (Chrono Boost)  
  21  1:43  Assimilator  
  21  1:48  Probe (Chrono Boost)  
  21  1:53  Pylon  
  22  1:59  Probe (Chrono Boost)  
  23  2:11  Probe (Chrono Boost), Warp Gate (Chrono Boost)  
  23  2:13  Adept (Chrono Boost)  
  26  2:22  Twilight Council  
  26  2:23  Probe  
  27  2:35  Probe, Stalker (Chrono Boost)  
  27  2:37  Probe  
  31  2:47  Probe  
  31  2:49  Probe  
  33  2:57  Resonating Glaives (Chrono Boost)  
  33  2:59  Probe  
  33  3:01  Probe  
  35  3:05  Adept  
  35  3:11  Probe  
  38  3:13  Probe  
  38  3:16  Gateway  
  39  3:23  Probe, Gateway  
  39  3:25  Probe  
  41  3:32  Gateway  
  41  3:33  Adept  
  41  3:35  Probe  
  41  3:38  Probe  
  45  3:43  Pylon  
  45  3:48  Probe  
  46  3:52  Pylon  
  46  4:01  Probe (Chrono Boost)  
  46  4:02  Probe (Chrono Boost)  
  48  4:06  Assimilator  
  48  4:07  Assimilator  
  48  4:13  Probe (Chrono Boost)  
  51  4:18  Mothership Core (Chrono Boost)  
  51  4:20  Stargate  
  51  4:21  Stargate  
  51  4:24  Probe (Chrono Boost)  
  52  4:29  Adept x3  
  52  4:30  Adept  
  60  4:34  Pylon  
  60  4:37  Pylon  
  60  4:44  Probe (Chrono Boost)  
  62  4:45  Probe (Chrono Boost)  
  62  4:46  Protoss Air Weapons Level 1  
  62  5:01  Probe (Chrono Boost)  
  62  5:02  Probe (Chrono Boost)  
  62  5:05  Phoenix x2 (Chrono Boost)  
  68  5:11  Adept  
  68  5:12  Adept x3  
  76  5:15  Pylon  
  76  5:19  Pylon  
  78  5:29  Phoenix (Chrono Boost)  
  78  5:34  Phoenix (Chrono Boost)  
  82  5:39  Adept x2  
  82  5:40  Adept  
  86  5:45  Pylon, Adept  
  88  5:52  Phoenix (Chrono Boost)  
  88  5:55  Phoenix (Chrono Boost)  
  92  5:57  Probe  
  92  5:58  Probe  
  92  6:03  Pylon  
  94  6:20  Adept x4  
  94  6:22  Phoenix (Chrono Boost)  
  99  6:32  Pylon  
  99  6:36  Pylon  
  92  6:42  Adept  
  92  6:43  Adept x3  
  84  6:48  Phoenix (Chrono Boost)  
  84  6:53  Probe x2  
  87  7:05  Probe x2  
  91  7:15  Phoenix (Chrono Boost)  
  91  7:17  Probe x2, Phoenix (Chrono Boost)  
  95  7:29  Probe x2  
  97  7:33  Adept x2  
  97  7:34  Adept x2  
  105  7:41  Probe x2  
  105  7:43  Phoenix (Chrono Boost)  
  109  7:57  Pylon  
  110  7:58  Pylon  
  109  8:09  Pylon  
  109  8:15  Phoenix x2 (Chrono Boost)  
  113  8:20  Probe x2  
  113  8:34  Nexus  
  113  8:37  Phoenix (Chrono Boost)  
  113  8:42  Pylon  
  115  8:56  Templar Archives  
  115  8:59  Charge, Gateway  
  115  9:01  Gateway  
  115  9:02  Probe x2  
  115  9:10  Zealot x4  
  115  9:13  Pylon  
  123  9:23  Pylon  
  123  9:24  Pylon  
  123  9:37  Robotics Facility, High Templar  
  123  9:38  High Templar  
  125  9:45  Forge, Archon  
  125  9:59  High Templar x2  
  129  10:03  Archon  
  129  10:08  Pylon  
  129  10:15  Stalker  
  129  10:16  Stalker x2  
  127  10:29  Zealot  
  113  10:38  Zealot x2  

Tags
 
Add a new tag
Caveats
  • Supply blocks, unpowered buildings, or Contaminate may cause inaccurate times.
  • Supply counts are checked every 10 seconds.